 Dungeon Crawl Stone Soup version 0.29.1-2-gbd0b4ee654 (webtiles) character file.

Game seed: 788673877316190708

9 KittyFluff the Trooper (level 2, -1/19 HPs)
             Began as a Gargoyle Berserker on Oct 31, 2022.
             Was a Follower of Trog.
             Slain by a gnoll
             ... wielding a +0 spear
              (6 damage)
             ... on level 1 of the Dungeon.
             The game lasted 00:01:07 (346 turns).

KittyFluff the Trooper (Gargoyle Berserker)          Turns: 346, Time: 00:01:08

Health: -1/19      AC:  5    Str: 20    XL:     2   Next: 16%
Magic:  2/2        EV: 11    Int:  7    God:    Trog [*.....]
Gold:   0          SH:  0    Dex:  9    Spells: 1/1 levels left

rFire   . . .      SeeInvis .   a - +0 mace
rCold   . . .      Faith    .   (no shield)
rNeg    + . .      Spirit   .   b - +0 animal skin
rPois   ∞          Reflect  .   (no helmet)
rElec   +          Harm     .   (no cloak)
rCorr   .          Rampage  .   (no gloves)
Will    .....                   (no boots)
Stlth   +.........              (no amulet)
HPRegen 0.06/turn               (no ring)
MPRegen 0.08/turn               (no ring)

@: no status effects
A: sickness immunity, AC +2, negative energy resistance 1, electricity
resistance, torment resistance 1, petrification resistance
a: Renounce Religion, Berserk


You were on level 1 of the Dungeon.
You worshipped Trog.
Trog was aware of your devotion.
You visited 1 branch of the dungeon, and saw 1 of its levels.

Inventory:

Hand Weapons
 a - a +0 mace (weapon)
Armour
 b - a +0 animal skin (worn)
 d - a +0 leather armour
Scrolls
 e - a scroll of poison {unknown}
 f - a scroll of blinking {unknown}
Potions
 c - a potion of flight {unknown}


   Skills:
 + Level 3.5 Fighting
 + Level 3.3 Maces & Flails
 * Level 2.3 Armour
 + Level 1.6 Dodging


You had one spell level left.
You didn't know any spells.
Your spell library was empty.

Dungeon Overview and Level Annotations

Branches:
Dungeon (1/15)

Altars:


Innate Abilities, Weirdness & Mutations

You are immune to sickness and miasma.
Your stone body is resilient. (AC +2)
You are immune to poison.
You resist negative energy. (rN+)
You are resistant to electric shocks. (rElec)
You are resistant to unholy torment.
You are immune to petrification.


Message History

You kill the ball python!
Trog accepts your kill.
You have reached level 2!
A goblin comes into view. It is wielding a +0 club.
The goblin shouts!
A giant cockroach comes into view.
You hit the goblin.
You kill the goblin!
Trog accepts your kill.
You see here a +0 club.
You barely miss the giant cockroach. The giant cockroach closely misses you.
The giant cockroach bites you.
You closely miss the giant cockroach.
The giant cockroach bites you but does no damage.
You thump the giant cockroach!
You kill the giant cockroach!
Trog accepts your kill.
Found 4 stones.
A gnoll comes into view. It is wielding a +0 spear.
The gnoll shouts!
A frilled lizard comes into view.
The gnoll hits you with a +0 spear!
You closely miss the gnoll. The gnoll hits you with a +0 spear.
You hit the gnoll.
The gnoll is lightly wounded.
The gnoll hits you but does no damage.
You hit the gnoll but do no damage.
The gnoll is lightly wounded.
The gnoll barely misses you.
You hit the gnoll.
The gnoll is moderately wounded.
The gnoll closely misses you. x2
You hit the gnoll.
The gnoll is almost dead.
The gnoll hits you with a +0 spear.
* * * LOW HITPOINT WARNING * * *
You closely miss the gnoll.
The gnoll is almost dead.
The gnoll hits you with a +0 spear.
You die...

#l ##...##.# #.#
#######.....#.# ..#
#..............
#.###.#####.....#..
#.##.##.# ##...####
......g.# ##.##
#.##.#..#######.#
#.#.#.##..##......#
#....@g..##.######
#######.###.#
#.###.# #(#...#
#.#.### #.#.# ..#.#
###.# #.# ####


You could see a gnoll.

Vanquished Creatures
  A dart slug (D:1)
  2 ball pythons (D:1)
  A giant cockroach (D:1)
  2 goblins (D:1)
  A bat (D:1)
7 creatures vanquished.

Notes
Turn   | Place    | Note
-------+----------+-------------------------------------------
     0 | D:1      | KittyFluff the Gargoyle Berserker began the quest for the
                  | Orb.
     0 | D:1      | Reached XP level 1. HP: 14/14 MP: 1/1
   283 | D:1      | Reached XP level 2. HP: 19/19 MP: 2/2
   346 | D:1      | Slain by a gnoll

Illustrated notes

Levels and vault maps discovered:
D:1:      dpeg_arrival_refuge, layout_loops_ring, serial_shops, shop,
          dreamdust_wishing_well

Action                   || total
-------------------------++-------
Melee: Mace              ||    23
Armor: Animal skin       ||     9
Dodge: Dodged            ||    10
